 Dungeon Crawl Stone Soup version 0.31-a0-875-g02e7d12df6 (webtiles) character file.

Game seed: 6652735702067774503

2012 Azuregosa the Ruffian (level 9, -2/89 HPs)
             Began as a Troll Reaver on Oct 12, 2023.
             Was an Initiate of Gozag.
             Killed from afar by a white imp (7 damage)
             ... with a puff of frost
             ... on level 7 of the Dungeon.
             The game lasted 00:19:36 (4382 turns).

Azuregosa the Ruffian (Troll Reaver)                Turns: 4382, Time: 00:19:37

Health: -2/89      AC:  4    Str: 26    XL:     9   Next: 2%
Magic:  9/9        EV: 11    Int:  9    God:    Gozag
Gold:   277        SH:  0    Dex:  8    Spells: 9/10 levels left

rFire   . .          .
                       - Unarmed
rCold   . . .        (no shield)
rNeg    . . .        a - +0 robe
rPois   .            (helmet restricted)
rElec   .            (no cloak)
rCorr   .            (gloves unavailable)
SInv    +            (boots unavailable)
Will    .....        (no amulet)
Stlth   +            C - ring of see invisible
HPRegen 1.14/turn    (no ring)
MPRegen 0.11/turn

%: no passive effects
@: mighty, hasted, very quick
A: large, unfitting armour, claws 3, regeneration 1, shaggy fur 1, tough skin 1
a: Renounce Religion, Potion Petition, Call Merchant, Bribe Branch


You were on level 7 of the Dungeon.
You worshipped Gozag.
Gozag was aware of your devotion.
You visited 2 branches of the dungeon, and saw 8 of its levels.

You collected 896 gold pieces.
You spent 96 gold pieces at shops.
You paid 523 gold pieces to Gozag.

Inventory:

Hand Weapons
 e - a +1 dagger of venom
 g - a +0 short sword of speed
 t - a +0 dagger of venom
 w - a +0 short sword of venom
 y - a +0 short sword of electrocution
 A - a +2 spear of freezing
Missiles
 k - 31 stones
 z - 12 poisoned darts
Armour
 a - a +0 robe (worn)
Magical Staves
 f - a staff of poison
Jewellery
 C - a ring of see invisible (left claw)
Wands
 m - a wand of flame (19)
Scrolls
 b - 3 scrolls of amnesia {unknown}
 d - 4 scrolls of enchant armour {unknown}
 h - a scroll of brand weapon
 i - a scroll of torment {unknown}
 n - 2 scrolls of teleportation
 p - a scroll of fear
 r - 3 scrolls of silence {unknown}
 s - 2 scrolls of blinking {unknown}
 D - a scroll of summoning
 E - a scroll of vulnerability
Potions
 j - a potion of attraction {unknown}
 l - a potion of enlightenment {unknown}
 o - a potion of brilliance {unknown}
 q - 2 potions of mutation {unknown}
 u - 2 potions of curing {unknown}
 v - a potion of lignification {unknown}
 x - 2 potions of heal wounds {unknown}
 B - 2 potions of might


   Skills:
 + Level 5.9 Fighting
 + Level 5.8 Dodging
 + Level 7.4 Unarmed Combat
 - Level 1.2 Spellcasting
 - Level 2.1 Conjurations


You had 9 spell levels left.
You knew the following spells:

 Your Spells              Type           Power      Damage    Failure   Level
a - Kiss of Death         Conj/Necr      8%         2d6       24%         1

Your spell library contained the following spells:

 Spells                   Type           Power      Damage    Failure   Level
 Momentum Strike          Conj/Tloc      4%         3d8       34%         2
 Scorch                   Fire           0%         2d5       50%         2
 Hailstorm                Conj/Ice       2%         3d3       56%         3
 Flame Wave               Conj/Fire      2%         2d4       93%         4
 Summon Cactus Giant      Summ           0%         N/A       100%        6


Dungeon Overview and Level Annotations

Branches:
Dungeon (7/15)             Temple (1/1) D:4

Altars:
Ashenzari
Cheibriados
Dithmenos
Elyvilon
Fedhas
Gozag
Hepliaklqana
Kikubaaqudgha
Makhleb
Nemelex Xobeh
Okawaru
Ru
Sif Muna
Trog
Uskayaw
Vehumet
Wu Jian
Yredelemnul
Zin
The Shining One

Shops:
D:4 [[*


Innate Abilities, Weirdness & Mutations

You are too large for most types of armour.
You have claws for hands.
Your natural rate of healing is unusually fast.
You are covered in fur. (AC +1)
You have tough skin. (AC +1)


Message History

The steam dragon breathes steam at you. The ball of steam hits you!!
* * * LOW HITPOINT WARNING * * *
There is an open door here. [a] - 450 gold - haste and heal wounds [b] - 462 gold - curing, magic, heal wounds and berserk rage [c] - 360 gold - haste and heal wounds Purchase which effect?
You no longer have enough gold to petition Gozag for potion effects.
You feel yourself speed up.
You feel much better.
You are engulfed in a cloud of scalding steam.
* * * LOW HITPOINT WARNING * * *
You mangle the steam dragon!!
You kill the steam dragon!
You are engulfed in a cloud of scalding steam.
* * * LOW HITPOINT WARNING * * *
You have reached level 9!
Your experience leads to an increase in your attributes!
Increase (S)trength, (I)ntelligence, or (D)exterity?
Uppercase letters only, please.
You feel stronger. x3
You are engulfed in a cloud of scalding steam.
* * * LOW HITPOINT WARNING * * *
The white imp barely misses you.
You see here 25 gold pieces.
You closely miss the white imp.
You are engulfed in a cloud of scalding steam.
* * * LOW HITPOINT WARNING * * *
The white imp gestures at you. The puff of frost hits you!
* * * LOW HITPOINT WARNING * * *
You barely miss the white imp.
The white imp hits you but does no damage.
The white imp is engulfed in a cloud of scalding steam.
It was a potion of might.
You feel very mighty all of a sudden. The white imp gestures at you.
The puff of frost hits you!
You die...
Your body crumbles into a pile of gold.

.............................
.............#.######.#######
.#######.#####.######.#
.........# #........#
########## ########.##
#....## #.ยงยง...# ...##..##
##5##...# #. #....##
#..#...## . ##.....##
#@##...# #.......## #..#...##
##........##...##)..#
#...#......##..#.).##
##...##......####.))#
#...####......##...## #...#
##......#...# ...##
##........## ...# ##.......#


You could see a white imp.

Vanquished Creatures
  Grinder (D:3)
  Sigmund (D:2)
  A steam dragon (D:7)
  2 ice beasts
  2 black bears
  An ogre (D:5)
  2 phantoms
  A bullfrog (D:7)
  A scorpion (D:3)
  3 howler monkeys (D:5)
  A jelly (D:7)
  A hound (D:5)
  An orc priest (D:6)
  A sleepcap (D:4)
  A gnoll bouda (D:4)
  5 iguanas
  3 orc wizards
  Robin (D:3)
  8 gnolls
  7 adders
  3 shadow imps (D:4)
  2 white imps (D:4)
  An ufetubus (D:6)
  A worm (D:2)
  2 dart slugs
  21 orcs
  9 ball pythons
  6 bats
  8 endoplasms
  2 giant cockroaches (D:4)
  17 goblins
  6 hobgoblins
  12 jackals
  11 kobolds
  5 quokkas
  3 frilled lizards
  4 rats
  A butterfly (D:4)
158 creatures vanquished.

Notes
Turn   | Place    | Note
-------+----------+-------------------------------------------
     0 | D:1      | Azuregosa the Troll Reaver began the quest for the Orb.
     0 | D:1      | Reached XP level 1. HP: 19/19 MP: 1/1
    67 | D:1      | Reached XP level 2. HP: 27/28 MP: 2/2
   418 | D:1      | Found a faded altar of an unknown god.
   575 | D:1      | Reached XP level 3. HP: 35/35 MP: 3/3
   877 | D:2      | Noticed Sigmund
   890 | D:2      | Killed Sigmund
   891 | D:2      | Reached skill level 4 in Unarmed Combat
   891 | D:2      | Reached XP level 4. HP: 25/45 MP: 4/4
   891 | D:2      | Reached XP level 5. HP: 29/53 MP: 5/5
  1399 | D:3      | Noticed Robin
  1436 | D:3      | Reached XP level 6. HP: 48/61 MP: 6/6
  1467 | D:3      | Killed Robin
  1582 | D:4      | Found a staircase to the Ecumenical Temple.
  1703 | D:3      | Noticed Grinder
  1706 | D:3      | Paralysed by Grinder for 2 turns
  1709 | D:3      | Killed Grinder
  1710 | D:3      | Reached skill level 5 in Unarmed Combat
  1839 | Temple   | Entered the Ecumenical Temple
  1863 | Temple   | Became a worshipper of Gozag Ym Sagoz the Greedy
  1916 | D:4      | Found Tuech's Antique Armour Shop.
  1963 | D:4      | Reached XP level 7. HP: 68/68 MP: 7/7
  2251 | D:5      | Entered Level 5 of the Dungeon
  2281 | D:4      | Found a hide-covered altar of Uskayaw.
  2520 | D:4      | Found Ditostra's Assorted Antiques.
  2559 | D:4      | Bought a scroll labelled GOUTUPHINIU for 24 gold pieces
  2559 | D:4      | Bought a scroll labelled HIUQ JUSEHI for 24 gold pieces
  2559 | D:4      | Bought a scroll labelled QUITRADOTA for 24 gold pieces
  2559 | D:4      | Bought a scroll labelled ASOAWKOMNA for 24 gold pieces
  2668 | D:4      | Found Katag's Antique Armour Shop.
  3129 | D:5      | Reached skill level 6 in Unarmed Combat
  3156 | D:5      | Reached XP level 8. HP: 68/79 MP: 8/8
  3189 | D:5      | Reached skill level 5 in Fighting
  3270 | D:5      | Found a glowing golden altar of the Shining One.
  3305 | D:5      | Reached skill level 5 in Dodging
  4042 | D:6      | Found a basalt altar of Yredelemnul.
  4042 | D:6      | Found a snail-covered altar of Cheibriados.
  4045 | D:6      | Found a white marble altar of Elyvilon.
  4045 | D:6      | Found a radiant altar of Vehumet.
  4045 | D:6      | Found a hazy altar of Hepliaklqana.
  4046 | D:6      | Found a sparkling altar of Nemelex Xobeh.
  4050 | D:6      | Reached skill level 7 in Unarmed Combat
  4124 | D:6      | You fall into a shaft and drop 1 floor!
  4373 | D:7      | HP: 2/83 [steam dragon/ball of steam (19)]
  4376 | D:7      | Reached XP level 9. HP: 14/89 MP: 9/9
  4378 | D:7      | HP: 2/89 [white imp/puff of frost (7)]
  4382 | D:7      | Killed from afar by a white imp

Illustrated notes

Levels and vault maps discovered:
D:1:      roadster_arrival_rocket_small, layout_basic,
          shapermc_ecumenical_altar_mp_highgroup, minmay_indecisive_spiral
D:2:      layout_loops_ring, minivault_26, uniq_sigmund
D:3:      layout_rooms, uniq_grinder, uniq_robin
D:4:      layout_basic, nicolae_uskayaw_murder_on_the_dancefloor,
          minmay_temple_entry_butterflies, serial_demonic, serial_demonic_g,
          serial_demonic_g, serial_demonic_c, serial_demonic_g, serial_shops,
          shop, shop, shop
D:5:      layout_cave_pods, tso_oasis_becter, minmay_increasing_density
D:6:      layout_rooms, grunt_temple_overflow_open, minmay_misc_feat_tower
D:7:      minmay_razor_zed, layout_basic, dk_xom_monty_hall, serial_shops, shop,
          chequers_serial_rivers_micro_d
Temple:   nicolae_temple_bog_church

Skill      XL: |  1  2  3  4  5  6  7  8 |
---------------+-------------------------+-----
Fighting       | 2 3 4 5 |  5.9
Dodging        | 2 3 4 5 |  5.8
Unarmed Combat | 4 5 6 7 |  7.4
Spellcasting   | |  1.2
Conjurations   | |  2.1

Action                     |  1- 3 |  4- 6 |  7- 9 || total
---------------------------+-------+-------+-------++-------
  Melee: Unarmed           |    94 |   107 |   257 ||   458
         Punch             |       |     1 |    12 ||    13
 Invoke: Potion Petition   |       |       |     1 ||     1
    Use: Scroll            |       |       |     5 ||     5
         Potion            |       |       |     1 ||     1
   Stab: Sleeping          |       |       |     1 ||     1
 Armour: Robe              |    62 |    74 |   182 ||   318
  Dodge: Dodged            |    44 |    63 |   124 ||   231

Table legend: (Time is in decaauts)
 A = Elapsed time spent in this place.
 B = Non-inter-level travel time spent in this place.
 C = Inter-level travel time spent in this place.
 D = Time resting spent in this place.
 E = Time spent auto-exploring this place.
 F = Levels seen in this place.
 G = Mean time per level.
                   A        B        C        D        E       F      G
               +--------+--------+--------+--------+--------+-----+--------+
         Total |   4343 |   4275 |     68 |    164 |   2599 |   8 |  542.9 |
       Dungeon |   4297 |   4229 |     68 |    164 |   2599 |   7 |  613.9 |
        Temple |     46 |     46 |      0 |      0 |      0 |   1 |   46.0 |
               +--------+--------+--------+--------+--------+-----+--------+

Top non-repeatable levels by time:
     D:4: 1123 daAuts
     D:5: 974 daAuts
     D:2: 713 daAuts
     D:1: 668 daAuts
     D:3: 439 daAuts
     D:7: 250 daAuts
     D:6: 127 daAuts
  Temple: 46 daAuts
